[Event "2nd Cambridge Open 2024"]
[Site "Cambridge"]
[Date "2024.02.19"]
[Round "1.16"]
[White "Pert, Richard G"]
[Black "Borsos, Bogdan"]
[Result "1-0"]
[ECO "A47"]
[WhiteElo "2411"]
[BlackElo "2094"]
[Annotator "TA"]
[PlyCount "95"]
[EventDate "2024.02.18"]
[EventType "swiss"]
[EventCountry "ENG"]
[SourceTitle "playchess.com"]
[Source "ChessBase"]
[SourceQuality "1"]
[TimeControl "5400+30"]

1. d4 Nf6 2. Nf3 e6 3. Bf4 c5 4. e3 b6 5. Nc3 Nh5 (5... a6 $11) 6. Bg5 $16 Be7 7. Bxe7 Qxe7 8. g4 {[%emt 0:01:05][%cal Bg2g4,Bg4g5][%mdl 32] White is slightly better.} Nf6 9. g5 Nh5 (9... Nd5 $142) 10. Rg1 Bb7 11. Be2 {[%emt 0:01:21] Ne5 would now be deadly.} g6 12. Ne5 Ng7 13. h4 cxd4 14. Qxd4 Nf5 15. Qf4 $36 {[%emt 0:03:00][%mdl 2048] White is pushing.} d6 16. Ng4 Nd7 {[%emt 0:00:30] Wards off Nf6+} 17. Bb5 O-O-O $1 18. O-O-O Kb8 19. Bxd7 Qxd7 (19... Rxd7 $14 20. Nf6 Rdd8) 20. e4 Ng7 21. Ne5 (21. Rd2 $16) 21... Qc7 {[%emt 0:08:27] [#]} (21... dxe5 $14 22. Qxe5+ Qc7 23. Qxg7 Qf4+ 24. Kb1 Bxe4) 22. Ng4 {[%emt 0:06:18] Excellent horsemanship.} (22. Nxf7 $2 Rhf8 23. Rxd6 Rxd6 (23... Qxf7 24. Rxd8#) 24. Qxd6 Rxf7 $19) ({Better is} 22. Rxd6 $1 $16 Rxd6 (22... Qxd6 $2 23. Rd1 $18) 23. Nb5) 22... Nh5 ({Black should play} 22... Qd7 $11) 23. Qf3 a6 (23... f5 $11 {remains equal.} 24. gxf6 Rhf8) 24. Nf6 Nxf6 25. Qxf6 (25. gxf6 d5 $11) 25... b5 26. a3 {[%emt 0:00:15] Black is weak on the dark squares} h5 27. Rd2 Rhe8 28. Rgd1 Rd7 {[%emt 0:02:41] [#]} 29. Kb1 (29. e5 $142 $1) 29... Qd8 (29... Bc6 $142) 30. Qf4 e5 31. Qe3 Qc7 (31... Re6 $16 32. Rd3 Bc6) 32. Nd5 Bxd5 33. Rxd5 Rc8 34. Qd2 {[%emt 0:03:13] Active counter play!} Kb7 35. f3 (35. Rxd6 Rxd6 36. Qxd6 Qxc2+ 37. Ka2 Qc4+ 38. Kb1 Qxe4+ 39. Ka1 Rc7 $15 (39... Qxh4 40. Qd5+ Kb6 41. Qd6+ Kb7 42. Qxe5 $11)) 35... Rcd8 36. Qe2 Qc6 37. R1d3 Qc4 38. Qd2 Qc6 39. b3 Qc7 (39... Ka8 $142 40. Rc3 Qb6) 40. Kb2 $18 Qc6 41. Qb4 {[%emt 0:01:44] Strongly threatening a4.} Rc7 (41... Ka7 {might work better.} 42. Rc3 Qb7) 42. Qd2 (42. Rxd6 $2 Qxc2+ 43. Ka1 Qc1+ 44. Ka2 Rc2#) 42... Rcd7 $1 43. Qb4 Rc7 $1 44. c4 (44. Rxd6 $2 Qxc2+ 45. Ka1 Qc1+ 46. Ka2 Rc2#) 44... Qb6 45. Rxd6 Rxd6 46. Rxd6 (46. Qxd6 Qf2+ 47. Rd2 Qxf3 48. Qd5+ (48. Qxe5 bxc4 49. bxc4 Qe3 $18) 48... Kb8 $18) 46... Qf2+ 47. Rd2 Qe1 (47... Qb6 48. cxb5 Qg1 49. bxa6+ Ka7) 48. a4 {[%emt 0:00:38] Weighted Error Value: White=0.36/Black=0.22 (precise) .  Mistake:       	White=3     	Black=10     Inaccurate:     	White=3     	Black=2      OK:         	White=14    	Black=11     Best:        	White=4     	Black=2      Strong:       	---       	Black=3} ({Weaker is} 48. cxb5 Qc1+ 49. Ka2 Rc2+ 50. Rxc2 Qxc2+ 51. Ka1 Qc1+ 52. Ka2 Qc2+ 53. Ka1 Qc1+ 54. Ka2 Qc2+ $11) 1-0

[Event "2nd Cambridge Open 2024"]
[Site "Cambridge"]
[Date "2024.02.19"]
[Round "1.17"]
[White "Payne, Matthew J"]
[Black "Derakhshani, Borna"]
[Result "0-1"]
[ECO "B60"]
[WhiteElo "2091"]
[BlackElo "2369"]
[Annotator "TA"]
[PlyCount "72"]
[EventDate "2024.02.18"]
[EventType "swiss"]
[EventCountry "ENG"]
[SourceTitle "playchess.com"]
[Source "ChessBase"]
[SourceQuality "1"]
[TimeControl "5400+30"]

1. e4 c5 2. Nf3 Nc6 3. d4 cxd4 4. Nxd4 Nf6 5. Nc3 d6 6. Bg5 Bd7 7. Be2 Qa5 8. Bxf6 gxf6 9. Nb3 Qg5 10. g3 f5 11. f4 Qg6 12. Bf3 {[%emt 0:01:12] The position is equal.} Bg7 13. e5 dxe5 $17 14. Nc5 Bc8 15. fxe5 (15. Bxc6+ $17 Qxc6 16. Qd5) 15... Nxe5 $19 ({Don't take} 15... Bxe5 16. Nd3) 16. O-O $2 {[%emt 0:09:49] [#]} (16. Bg2 {keeps fighting.}) 16... O-O (16... Nxf3+ $142 17. Rxf3 Qb6) 17. Qd5 e6 18. Qd1 Nxf3+ 19. Rxf3 b6 20. Nd7 Rd8 21. Rd3 Ba6 22. Rd6 Qg5 {[%emt 0:02:38] And now ...Qe3+ would win.} 23. Qf3 Rac8 24. Rad1 Re8 25. h4 Qe7 {[%emt 0:00:43] ...Rc4 would now be deadly.} 26. Qe3 Rcd8 27. Qg5 Kh8 28. Qe3 h6 29. Ne5 $2 {[%emt 0:00:29] [#]} (29. a3) 29... Rxd6 30. Rxd6 Bc8 {[%emt 0:01:44][%cal Oh8h7] Wards off Rd7} 31. Qf4 Kg8 (31... Qxd6 $2 {too greedy.} 32. Nxf7+ Kg8 33. Nxd6 $18) 32. Nc6 Qb7 33. Qc4 (33. Nd8 $142 Qc7 34. Nc6) 33... Bd7 {[%emt 0:00:38] Hoping for ...Bf8.} 34. Nb4 Be5 {[%emt 0:01:10] This pair of bishops is nice.} 35. Rd3 (35. Rd2 $142) 35... a5 36. Na6 Rc8 {[%emt 0:00:24] White did not feel at home in the position after the opening.   Weighted Error Value: White=0.73/Black=0.29 (precise) .  Mistake:       	White=6     	Black=1      Inaccurate:     	White=2     	Black=1      OK:         	White=7     	Black=12     Best:        	---       	Black=2} 0-1

[Event "2nd Cambridge Open 2024"]
[Site "Cambridge"]
[Date "2024.02.19"]
[Round "1.19"]
[White "Pert, Max"]
[Black "Wells, Peter K"]
[Result "0-1"]
[ECO "E12"]
[WhiteElo "1950"]
[BlackElo "2341"]
[Annotator "ChessBase"]
[PlyCount "61"]
[EventDate "2024.02.18"]
[EventType "swiss"]
[EventCountry "ENG"]
[SourceTitle "playchess.com"]
[Source "ChessBase"]
[SourceQuality "1"]
[TimeControl "5400+30"]

1. d4 Nf6 2. c4 e6 3. Nf3 b6 4. a3 Bb7 5. Nc3 d5 6. cxd5 Nxd5 7. Bd2 Nd7 8. Nxd5 exd5 9. e3 Bd6 10. Bd3 O-O 11. O-O Qe7 12. b4 Nf6 13. Bc3 Ne4 14. Bb2 a6 15. Qe2 Rfe8 16. Rfc1 Qe6 17. Qc2 Rac8 18. Qe2 Ra8 19. Qc2 Re7 20. Ne5 f6 21. Nf3 Rf8 22. Re1 g5 23. Nd2 f5 24. Nf1 g4 25. Kh1 Qh6 26. Qe2 Bxh2 27. Bxe4 Bd6+ 28. Kg1 fxe4 29. Qxg4+ Rg7 30. Qe2 Bc8 31. Nd2 0-1

[Event "2nd Cambridge Open 2024"]
[Site "Cambridge"]
[Date "2024.02.19"]
[Round "1.20"]
[White "York-Weaving, Richard"]
[Black "Bharat Kumar, Balahari"]
[Result "1-0"]
[ECO "B51"]
[WhiteElo "2343"]
[BlackElo "1995"]
[Annotator "ChessBase"]
[PlyCount "49"]
[EventDate "2024.02.18"]
[EventType "swiss"]
[EventCountry "ENG"]
[SourceTitle "playchess.com"]
[Source "ChessBase"]
[SourceQuality "1"]
[TimeControl "5400+30"]

1. e4 c5 2. Nf3 d6 3. Bb5+ Nd7 4. c3 Ngf6 5. Qe2 a6 6. Ba4 b5 7. Bc2 Bb7 8. d4 e6 9. O-O Be7 10. Re1 Qc7 11. Bd3 h6 12. Nbd2 O-O 13. e5 Nd5 14. Qe4 N5f6 15. Qh4 Nd5 16. Qg3 Kh8 17. Ne4 dxe5 18. dxe5 c4 19. Bc2 Nc5 20. Qh3 f5 21. exf6 Bxf6 22. Bxh6 gxh6 23. Qxh6+ Kg8 24. Nxc5 Bc8 25. Ng5 1-0

[Event "2nd Cambridge Open 2024"]
[Site "Cambridge"]
[Date "2024.02.19"]
[Round "1.21"]
[White "Rushbrooke, Remy"]
[Black "Golubovic, Boris"]
[Result "0-1"]
[ECO "A07"]
[WhiteElo "2049"]
[BlackElo "2342"]
[Annotator "RC"]
[PlyCount "172"]
[EventDate "2024.02.18"]
[EventType "swiss"]
[EventCountry "ENG"]
[SourceTitle "playchess.com"]
[Source "ChessBase"]
[SourceQuality "1"]
[TimeControl "5400+30"]

1. Nf3 d5 2. g3 Bg4 3. Bg2 Nd7 4. c4 e6 5. cxd5 exd5 6. b3 Ngf6 7. Bb2 Bd6 8. O-O O-O 9. d3 Re8 10. Nbd2 a5 11. h3 Bh5 12. g4 Bg6 13. Nh4 c6 14. Nxg6 hxg6 15. a3 Qb6 16. e3 Nc5 17. Bd4 Qa6 18. Bxc5 Bxc5 19. Qc2 Bd6 20. Nf3 Qb6 21. Qb2 Nd7 22. d4 Nf8 23. b4 Ne6 24. Rfb1 Re7 25. Ra2 Rd8 26. Qd2 axb4 27. axb4 Nc7 28. Bf1 Ree8 29. Bd3 Ra8 30. Rab2 Ra3 31. Qc2 Nb5 32. Kg2 Raa8 33. Rh1 Na3 34. Qe2 Ra4 35. h4 Rxb4 36. Rxb4 Qxb4 37. h5 gxh5 38. gxh5 Qb6 39. Ng5 Be7 40. Qg4 Bxg5 41. Qxg5 Qd8 42. Qg4 Qf6 43. Rh3 Nc4 44. Rf3 Qh6 45. Bg6 Nd6 46. Qg3 fxg6 47. Qxd6 gxh5 48. Qd7 Qg5+ 49. Kh2 Qh4+ 50. Kg2 Qg4+ 51. Qxg4 hxg4 52. Rg3 Re4 53. Kf1 Kf7 54. Ke2 Kf6 55. Kd3 Kf5 56. f3 gxf3 57. Rxg7 Re6 58. Rg3 Rh6 59. Rxf3+ Ke6 60. e4 dxe4+ 61. Kxe4 b5 62. Kd3 Rh5 63. Rf8 Rh3+ 64. Ke4 b4 65. Rb8 b3 66. Rb6 Kd7 67. Rb7+ Kd6 68. Rb6 Kc7 69. Rb4 Rc3 70. Ke5 Rh3 71. Ke4 Rc3 72. Kf4 c5 73. dxc5 Kc6 74. Ke4 Kxc5 75. Rb8 Rh3 76. Rb7 Kc4 77. Rc7+ Kb4 78. Kd4 b2 79. Rb7+ Ka3 80. Ra7+ Kb3 81. Rb7+ Kc2 82. Rc7+ Kd2 83. Rb7 Rh4+ 84. Kd5 Kc2 85. Rc7+ Kb3 86. Rb7+ Rb4 0-1

[Event "2nd Cambridge Open 2024"]
[Site "Cambridge"]
[Date "2024.02.19"]
[Round "1.22"]
[White "Gourlay, Iain"]
[Black "Ward, Ieuan C"]
[Result "1-0"]
[ECO "D30"]
[WhiteElo "2301"]
[BlackElo "2028"]
[Annotator "ChessBase"]
[PlyCount "55"]
[EventDate "2024.02.18"]
[EventType "swiss"]
[EventCountry "ENG"]
[SourceTitle "playchess.com"]
[Source "ChessBase"]
[SourceQuality "1"]
[TimeControl "5400+30"]

1. Nf3 e6 2. g3 d5 3. Bg2 Nf6 4. O-O Be7 5. c4 O-O 6. b3 c5 7. cxd5 exd5 8. d4 b6 9. Nc3 Bb7 10. Ba3 Nbd7 11. Nh4 g6 12. dxc5 Nxc5 13. Nf3 Nfe4 14. Rc1 Nxc3 15. Rxc3 Ne4 16. Bxe7 Qxe7 17. Rc1 Rac8 18. Qd4 Qa3 19. Qa1 Rc5 20. Ne5 Rfc8 21. Rcd1 Nc3 22. Rd2 Ne4 23. Bxe4 dxe4 24. Nxf7 Kxf7 25. Rd7+ Ke6 26. Qg7 Bd5 27. Qe7+ Kf5 28. Rxd5+ 1-0

[Event "2nd Cambridge Open 2024"]
[Site "Cambridge"]
[Date "2024.02.19"]
[Round "1.23"]
[White "Golubovic, Erik"]
[Black "Vardanyan, Aras"]
[Result "0-1"]
[ECO "E90"]
[WhiteElo "2025"]
[BlackElo "2284"]
[Annotator "ChessBase"]
[PlyCount "76"]
[EventDate "2024.02.18"]
[EventType "swiss"]
[EventCountry "ENG"]
[SourceTitle "playchess.com"]
[Source "ChessBase"]
[SourceQuality "1"]
[TimeControl "5400+30"]

1. d4 Nf6 2. Nf3 g6 3. c4 Bg7 4. Nc3 O-O 5. e4 d6 6. h3 e5 7. d5 Nh5 8. g3 f5 9. exf5 gxf5 10. Nh4 Nf4 11. Bd2 Ng6 12. Nf3 e4 13. Ng5 Qf6 14. Qh5 h6 15. Ne6 Bxe6 16. dxe6 Qxe6 17. O-O-O Ne5 18. g4 Nbc6 19. gxf5 Rxf5 20. Qh4 Nf3 21. Qxe4 Qxe4 22. Nxe4 Nxd2 23. Rxd2 Re8 24. Bg2 Ne5 25. Ng3 Rf4 26. Bd5+ Kf8 27. Nh5 Rh4 28. f4 Ng6 29. Nxg7 Kxg7 30. Rg2 Kf6 31. f5 Nf4 32. Rg4 Rxg4 33. hxg4 c6 34. Rxh6+ Kg5 35. Bf7 Re1+ 36. Kd2 Re2+ 37. Kd1 Kxh6 38. f6 Kg5 0-1

[Event "2nd Cambridge Open 2024"]
[Site "Cambridge"]
[Date "2024.02.19"]
[Round "1.24"]
[White "Pozzari, Simone"]
[Black "Homer, Stephen J"]
[Result "1-0"]
[ECO "A48"]
[WhiteElo "2282"]
[BlackElo "2045"]
[Annotator "ChessBase"]
[PlyCount "61"]
[EventDate "2024.02.18"]
[EventType "swiss"]
[EventCountry "ENG"]
[SourceTitle "playchess.com"]
[Source "ChessBase"]
[SourceQuality "1"]
[TimeControl "5400+30"]

1. d4 Nf6 2. Bf4 b6 3. e3 Bb7 4. Nd2 d6 5. h3 g6 6. Ngf3 Bg7 7. Bd3 O-O 8. O-O c5 9. c3 Nc6 10. Qe2 Rc8 11. a3 Rc7 12. Rad1 Qc8 13. Bh2 Bh6 14. e4 cxd4 15. cxd4 Nh5 16. d5 Nb8 17. Nd4 Ba6 18. e5 Bxd3 19. Qxd3 dxe5 20. Bxe5 Rd7 21. Qf3 Qc5 22. Nf5 Bxd2 23. Rxd2 f6 24. Bd4 Qc4 25. b3 Qc7 26. Re1 gxf5 27. Qxh5 Rxd5 28. Bxf6 Rxf6 29. Rxd5 e6 30. Qe8+ Kg7 31. Rd8 1-0

[Event "2nd Cambridge Open 2024"]
[Site "Cambridge"]
[Date "2024.02.19"]
[Round "1.25"]
[White "Blauhut, Holger"]
[Black "Dishman, Stephen"]
[Result "1/2-1/2"]
[ECO "B11"]
[WhiteElo "2016"]
[BlackElo "2273"]
[Annotator "ChessBase"]
[PlyCount "55"]
[EventDate "2024.02.18"]
[EventType "swiss"]
[EventCountry "ENG"]
[SourceTitle "playchess.com"]
[Source "ChessBase"]
[SourceQuality "1"]
[TimeControl "5400+30"]

1. e4 c6 2. Nc3 d5 3. Nf3 dxe4 4. Nxe4 Nf6 5. Qe2 Nxe4 6. Qxe4 Nd7 7. Bc4 Nf6 8. Ne5 e6 9. Qe2 b5 10. Bb3 Qc7 11. d4 Bd6 12. O-O O-O 13. Bf4 c5 14. dxc5 Qxc5 15. c4 bxc4 16. Bxc4 Bb7 17. Rac1 Nd5 18. Bg3 Rad8 19. Rfd1 Qb6 20. Bb5 a6 21. Ba4 Bxe5 22. Bxe5 Rc8 23. Qg4 g6 24. Bb3 f6 25. Bd4 Qd6 26. Rxc8 Bxc8 27. Bxd5 exd5 28. Qf3 1/2-1/2

[Event "2nd Cambridge Open 2024"]
[Site "Cambridge"]
[Date "2024.02.19"]
[Round "1.26"]
[White "Bradbury, Neil H"]
[Black "Davison, Chris"]
[Result "1/2-1/2"]
[ECO "E11"]
[WhiteElo "2217"]
[BlackElo "2013"]
[Annotator "RC"]
[PlyCount "100"]
[EventDate "2024.02.18"]
[EventType "swiss"]
[EventCountry "ENG"]
[SourceTitle "playchess.com"]
[Source "ChessBase"]
[SourceQuality "1"]
[TimeControl "5400+30"]

1. d4 d5 2. c4 e6 3. Nf3 Nf6 4. g3 Bb4+ 5. Bd2 Be7 6. Bg2 O-O 7. O-O Nbd7 8. Qc2 c6 9. Bf4 b6 10. Nbd2 Nh5 11. cxd5 cxd5 12. Bc7 Qe8 13. Rac1 Bb7 14. Qa4 Ndf6 15. Qb3 Ba6 16. h3 g6 17. g4 Ng7 18. Qe3 Nd7 19. Rc2 f6 20. Bg3 Qf7 21. Rc7 Bd8 22. Rc6 Bb5 23. Rcc1 Be7 24. Rfe1 a5 25. Qb3 Ba6 26. e4 dxe4 27. Nxe4 Rfc8 28. Nd6 Bxd6 29. Bxd6 b5 30. Nd2 Rxc1 31. Rxc1 Rd8 32. Bg3 Nf8 33. Ne4 Rxd4 34. Nc5 Qa7 35. Bf1 a4 36. Qe3 e5 37. Bxe5 fxe5 38. Qxe5 Rd8 39. Ne4 Qb8 40. Rc7 Nfe6 41. Rxg7+ Nxg7 42. Qe7 Re8 43. Nf6+ Kh8 44. Nxe8 Qxe8 45. Qf6 Qe6 46. Qf8+ Qg8 47. Qd6 Qe6 48. Qf8+ Qg8 49. Qd6 Qe6 50. Qf8+ Qg8 1/2-1/2

[Event "2nd Cambridge Open 2024"]
[Site "Cambridge"]
[Date "2024.02.19"]
[Round "1.27"]
[White "Pert, Nina"]
[Black "Shafi, Declan"]
[Result "0-1"]
[ECO "C54"]
[WhiteElo "1968"]
[BlackElo "2219"]
[Annotator "RC"]
[PlyCount "96"]
[EventDate "2024.02.18"]
[EventType "swiss"]
[EventCountry "ENG"]
[SourceTitle "playchess.com"]
[Source "ChessBase"]
[SourceQuality "1"]
[TimeControl "5400+30"]

1. e4 e5 2. Nf3 Nc6 3. Bc4 Bc5 4. c3 Nf6 5. d4 exd4 6. cxd4 Bb4+ 7. Nbd2 Bxd2+ 8. Bxd2 Nxe4 9. d5 Ne7 10. O-O Nxd2 11. Qxd2 d6 12. Rfe1 O-O 13. Rad1 Ng6 14. Qd4 Bf5 15. Re3 Re8 16. Rde1 Rxe3 17. Rxe3 c5 18. Qd1 Qd7 19. Qb3 Rb8 20. a4 Qc7 21. h4 Bg4 22. Nh2 Bd7 23. h5 Ne5 24. h6 Qb6 25. Rg3 g6 26. Bb5 Bxb5 27. axb5 Qa5 28. Nf1 Qb4 29. Qc2 Qxb5 30. Qf5 Qe8 31. Nd2 Qf8 32. Qh3 f5 33. Qh4 Re8 34. Qa4 a6 35. Re3 Re7 36. Qh4 Re8 37. Qa4 Rb8 38. f4 Ng4 39. Re6 Qxh6 40. Nf3 Rd8 41. Qa5 Qf8 42. Qc7 Nf6 43. Ng5 Re8 44. Rxd6 Re7 45. Qxc5 Rd7 46. Ne6 Qxd6 47. Qc8+ Kf7 48. Ng5+ Ke7 0-1

[Event "2nd Cambridge Open 2024"]
[Site "Cambridge"]
[Date "2024.02.19"]
[Round "1.28"]
[White "McClement, Andrew"]
[Black "Mocic, Ivano"]
[Result "1/2-1/2"]
[ECO "A13"]
[WhiteElo "2223"]
[BlackElo "2008"]
[Annotator "RC"]
[PlyCount "138"]
[EventDate "2024.02.18"]
[EventType "swiss"]
[EventCountry "ENG"]
[SourceTitle "playchess.com"]
[Source "ChessBase"]
[SourceQuality "1"]
[TimeControl "5400+30"]

1. Nf3 d5 2. c4 e6 3. g3 d4 4. d3 Nc6 5. Bg2 Bc5 6. O-O Nf6 7. Na3 O-O 8. Nc2 a5 9. b3 Qe7 10. a3 e5 11. Nd2 Bd7 12. Rb1 Rfe8 13. Ne4 Nxe4 14. dxe4 Be6 15. Qd2 Ba7 16. Qd3 Bc5 17. f4 f6 18. Kh1 g5 19. fxg5 fxg5 20. Qd2 h6 21. b4 axb4 22. axb4 Ba7 23. Ba3 b5 24. cxb5 Nd8 25. Qd3 Nb7 26. Bc1 Nd6 27. Na3 Rab8 28. Bd2 Bd7 29. Ra1 Rb7 30. Rfc1 Rc8 31. Rc2 Bb6 32. Rf1 Kg7 33. Qb3 Be6 34. Qd3 Ra7 35. Bc1 Ra4 36. Bd2 Rca8 37. Nb1 Bd7 38. Qb3 Bxb5 39. Bf3 Bd7 40. e3 Be6 41. Qd3 dxe3 42. Bxe3 Bxe3 43. Qxe3 Nc4 44. Qe2 Rxb4 45. Nd2 Nd6 46. Rfc1 Rc8 47. Qa6 Rb6 48. Qa5 Nf7 49. Nc4 Bxc4 50. Rxc4 Rf6 51. Bg4 Rf8 52. Rxc7 Qd6 53. Rd7 Qb8 54. Qd5 Rd8 55. Bf5 Rxd7 56. Qxd7 Qd6 57. Rc7 Qxd7 58. Rxd7 Kf8 59. Rd5 Rd6 60. Kg2 Ke7 61. Kf3 Kf6 62. Rxd6+ Nxd6 63. Bd7 Ke7 64. Bc6 Kf6 65. Kg4 Nc4 66. Kf3 Nd6 67. Ke3 Nc4+ 68. Ke2 Nb6 69. Kd3 Ke7 1/2-1/2

[Event "2nd Cambridge Open 2024"]
[Site "Cambridge"]
[Date "2024.02.19"]
[Round "1.29"]
[White "Hutchinson, Paul A"]
[Black "Gluma, Christian"]
[Result "1/2-1/2"]
[ECO "B15"]
[WhiteElo "2013"]
[BlackElo "2256"]
[Annotator "TA"]
[PlyCount "87"]
[EventDate "2024.02.18"]
[EventType "swiss"]
[EventCountry "ENG"]
[SourceTitle "playchess.com"]
[Source "ChessBase"]
[SourceQuality "1"]
[TimeControl "5400+30"]

1. d4 g6 2. e4 Bg7 3. Nc3 c6 4. Be3 d5 5. f3 Qb6 6. a3 e5 7. Na4 Qa5+ 8. c3 dxe4 9. fxe4 Nf6 10. b4 Qc7 11. Bd3 (11. Nf3 $15) 11... Ng4 $17 12. Qe2 Nxe3 13. Qxe3 {[%emt 0:00:08] [#]} O-O ({Günstiger ist} 13... a5 $1 $17 14. b5 cxb5 15. Bxb5+ Bd7) 14. Nf3 $15 exd4 15. cxd4 Bg4 16. O-O Nd7 {[%emt 0:02:41] Und ...Bxf3 würde nun gewinnen.} 17. Rac1 (17. e5 $11 {kam in Betracht.}) 17... Qd8 (17... Bxf3 $15 18. Rxf3 Rad8) 18. Nc3 (18. e5 $11 {bleibt in der Remisbreite.}) 18... Nb6 (18... Bxf3 $17 19. gxf3 Nc5) 19. e5 Qd7 20. Ne4 Nd5 {[%emt 0:06:15] Es drohte Nf6+} 21. Qd2 Rad8 22. Nd6 f6 23. Bc4 $1 Kh8 {[%emt 0:04:14] Weiss muss nun ...fxe5 beachten.} 24. Qe1 (24. Bxd5 $11 cxd5 25. Qe3) 24... fxe5 (24... Bh6 $5 25. Bxd5 Bxc1 26. Nf7+ Rxf7 27. Bxf7 Bxf3 (27... Bxa3 28. Qh4 $15) 28. Qxc1 Qxd4+ 29. Kh1 Be2 $11) 25. dxe5 Qe7 26. Kh1 Bxf3 (26... Bh6 $5 27. Rd1 Bg7 $14 (27... Ne3 28. Nf7+ Rxf7 29. Rxd8+ Qxd8 30. Bxf7 $15)) 27. Rxf3 Rxf3 28. gxf3 Rf8 (28... Bxe5 $2 29. Qxe5+ Qxe5 30. Nf7+ (30. Nxb7 $2 Qf4 $19) 30... Kg7 31. Nxe5 $18) 29. Bxd5 cxd5 30. f4 Rxf4 31. Rc8+ Rf8 32. Rxf8+ Qxf8 $17 {[%emt 0:00:53][%mdl 4096] Endspiel. KQB-KQN} 33. Qe2 {[%emt 0:00:13][%cal Oe5e6] Verhindert Qf3+.} Qe7 (33... d4 $17 {...h5 ist eine echte Drohung.} 34. Kg2 Qe7) 34. e6 $1 $11 Bf6 (34... Qxd6 $2 {verliert.} 35. e7 h6 36. e8=Q+ $18 (36. e8=B $2 {geht unter.} Qf4 $19)) (34... d4 $5 35. Qe4 d3 (35... Qxd6 $2 36. e7 $18) 36. Qxd3 Qxe6 $11) 35. Nc8 Qe8 36. e7 d4 37. Qe6 Kg7 {[%emt 0:00:33] [#] Zielt auf ...d3 ab.} 38. Nd6 (38. Kg2 $1 $11) 38... Qxe7 (38... Qc6+ {sieht schärfer aus.} 39. Kg1 Qc1+ 40. Kf2 Qf4+) 39. Ne8+ ({Jedoch nicht} 39. Qxe7+ $2 Bxe7 40. Nc4 Kf7 $19) 39... Kf8 40. Qxf6+ Kxe8 41. Qxd4 Qe1+ (41... a6 $17) 42. Kg2 {[%emt 0:00:07] Die Stellung ist ausgeglichen.} Qe2+ 43. Kg3 Qe1+ 44. Kg2 {[%emt 0:00:07] Gewichteter Fehlerwert: Weiß=0.21 (präzise) /Schwarz=0.20 (präzise) .  Fehler:       	Weiß=6     	Schwarz=5     Ungenau:       	Weiß=2     	Schwarz=4     OK:         	Weiß=12    	Schwarz=9     Bester:       	Weiß=3     	Schwarz=5     Stark:        	Weiß=2     	---} 1/2-1/2

[Event "2nd Cambridge Open 2024"]
[Site "Cambridge"]
[Date "2024.02.19"]
[Round "1.30"]
[White "De Coverly, Roger D"]
[Black "Saine, Zachary"]
[Result "0-1"]
[ECO "C91"]
[WhiteElo "1893"]
[BlackElo "1978"]
[Annotator "NA RC"]
[PlyCount "178"]
[EventDate "2024.02.18"]
[EventType "swiss"]
[EventCountry "ENG"]
[SourceTitle "playchess.com"]
[Source "ChessBase"]
[SourceQuality "1"]
[TimeControl "5400+30"]

1. e4 e5 2. Nf3 Nc6 3. Bb5 a6 4. Ba4 Nf6 5. O-O b5 6. Bb3 Be7 7. Re1 d6 8. c3 O-O 9. d4 Bg4 10. d5 Nb8 11. h3 Bh5 {[%emt 0:00:44] C91: Closed Ruy Lopez: 7...d6 8 c3 0-0 9 d4.} 12. Nbd2 h6 13. Nf1 Nh7 14. Ng3 Bg6 15. Qe2 Nd7 16. Nf5 Nc5 17. Bc2 Kh8 18. Bd2 Ng5 19. b4 Nd7 20. a4 Nxf3+ 21. Qxf3 Bg5 22. Be3 Bxe3 23. Rxe3 Nb6 24. Re2 Qg5 25. h4 $14 Qf6 26. g3 Bh7 27. Kg2 g6 28. Ne3 Qxf3+ 29. Kxf3 f5 30. a5 Nd7 31. Nf1 fxe4+ 32. Kg2 Nf6 33. Ne3 g5 34. hxg5 hxg5 35. g4 c6 36. Rd1 cxd5 37. Nxd5 Nxg4 38. Nc7 Ra7 39. Ne6 Rf6 40. Rxd6 Bg8 41. Bb3 e3 42. f3 Nh6 43. Rd8 Nf5 44. Nxg5 Rg7 45. Rxg8+ Rxg8 46. Bxg8 Rg6 47. Bd5 Rxg5+ 48. Kh2 Kg7 49. Be4 Kf6 50. Bxf5 Kxf5 51. Rxe3 Kf4 52. Rd3 Rg6 53. Kh1 Kg3 54. Kg1 Rf6 55. Rd5 Re6 56. Rd3 Rf6 57. Rd5 Rf5 58. Rd6 Kxf3 59. Rxa6 e4 60. Re6 Rd5 61. a6 Rd1+ 62. Kh2 Rd2+ 63. Kg1 Rd1+ 64. Kh2 Ra1 65. Rf6+ Ke2 66. Kg2 e3 67. Rd6 Ra3 68. Re6 Rxc3 69. a7 Ra3 70. Re7 Ra2 71. Kg3 Kd2 72. Kf3 Ra3 73. Kg2 e2 74. Kf2 Rxa7 75. Rxe2+ Kc3 76. Re4 Ra4 77. Re3+ Kxb4 78. Ke1 Ra3 79. Re8 Rd3 80. Rc8 Kb3 81. Ke2 Rd7 82. Rc5 b4 83. Rc8 Kb2 84. Rc4 b3 85. Rc8 Kb1 86. Rc6 b2 87. Rc8 Ra7 88. Kd2 Ka2 89. Rc2 Ka1 0-1

[Event "2nd Cambridge Open 2024"]
[Site "Cambridge"]
[Date "2024.02.19"]
[Round "1.31"]
[White "Kovalskyi, Roman"]
[Black "Lazarus, Simon E"]
[Result "1-0"]
[ECO "B33"]
[WhiteElo "2009"]
[BlackElo "1845"]
[Annotator "NA RC"]
[PlyCount "109"]
[EventDate "2024.02.18"]
[EventType "swiss"]
[EventCountry "ENG"]
[SourceTitle "playchess.com"]
[Source "ChessBase"]
[SourceQuality "1"]
[TimeControl "5400+30"]

1. e4 c5 2. Nf3 Nc6 3. d4 cxd4 4. Nxd4 Nf6 5. Nc3 e5 6. Ndb5 d6 7. Nd5 Nxd5 8. exd5 Nb8 9. a4 Be7 10. Be2 O-O 11. Bd2 {[%emt 0:00:05] B33: Sicilian: Pelikan and Sveshnikov Variations.} f5 12. a5 f4 13. c4 Bf5 14. Bg4 Bxg4 15. Qxg4 a6 16. Nc3 Nd7 17. Ne4 Kh8 18. h4 Nf6 19. Qf3 Nxe4 20. Qxe4 Rc8 21. h5 Qd7 22. b3 Rce8 23. Rc1 Qf5 24. f3 Qg5 25. g4 Rc8 26. Ke2 Qh6 27. b4 $16 Kg8 28. Rcg1 Bg5 29. Be1 Qf6 30. Bf2 Qd8 31. Ra1 Qd7 32. Rhc1 Be7 33. Ra2 Rfd8 34. Rb1 Re8 35. Kd3 Bf8 36. Qf5 Qc7 37. Rc2 e4+ 38. fxe4 Re5 39. Qxf4 Be7 40. Bd4 Bg5 41. Qf2 Ree8 42. Qf5 h6 43. Rf1 Qe7 44. Rcf2 Kh8 45. Qg6 Qc7 46. Rc2 Rf8 47. Rxf8+ Rxf8 48. Rf2 Rc8 49. c5 dxc5 50. d6 Qd7 51. Bxc5 Qb5+ 52. Kd4 Qa4 53. Qf5 Qa1+ 54. Kd5 Qd1+ 55. Ke6 1-0